 Dungeon Sprint DCSS version 0.27.1 (webtiles) character file.

Game seed: 14830970085906320849

782 styxcanada the Unseen (level 7, -7/38 HPs)
             Began as a Spriggan Brigand on Aug 27, 2021.
             Was an Initiate of Gozag.
             Killed from afar by a burning bush (9 damage)
             ... with a puff of flame
             ... in the Dungeon (Sprint IV: "Fedhas' Mad Dash").
             The game lasted 00:03:40 (329 turns).

styxcanada the Unseen (Spriggan Brigand)             Turns: 329, Time: 00:03:40

Health: -7/38      AC:  3    Str:  7    XL:     7   Next: 55%
Magic:  8/8        EV: 22    Int: 13    God:    Gozag
Gold:   222        SH:  0    Dex: 18    Spells: 6/6 levels left

rFire    . . .     SeeInvis +   a - +3 dagger
rCold    . . .     Faith    .   (shield restricted)
rNeg     . . .     Spirit   .   b - +0 robe
rPois    .         Reflect  .   (helmet restricted)
rElec    .         Harm     .   c - +0 cloak
rCorr    .         Rampage  .   (gloves unavailable)
Will     +....     NoTele   +   (boots unavailable)
Stlth    +++++++...             j - amulet of invisibility {+Inv}
HPRegen  0.12/turn              (no ring)
MPRegen  0.11/turn              (no ring)

@: very slightly contaminated, very quick
A: very small, no large weapons, unfitting armour, see invisible, speed 3
a: Renounce Religion, Evoke Invisibility, Potion Petition, Call Merchant, Bribe
Branch


You were in the Dungeon.
You worshipped Gozag.
Gozag was aware of your devotion.
You visited 1 branch You collected 355 gold pieces.
You spent 133 gold pieces at shops.

Inventory:

Hand Weapons
 a - a +3 dagger (weapon)
Missiles
 d - 8 poisoned darts (quivered)
 e - 2 curare-tipped darts
 m - 26 sling bullets
Armour
 b - a +0 robe (worn)
 c - a +0 cloak (worn)
Jewellery
 j - the amulet of invisibility (around neck) {+Inv}
   (You found it in the Dungeon)

   [amulet of nothing]

   +Inv:      It lets you turn invisible.
Scrolls
 k - 2 scrolls of blinking
 l - 2 scrolls of identify
Potions
 h - a potion of haste
 i - 2 potions of magic


   Skills:
 * Level 4.7 Fighting
 + Level 4.3 Short Blades
 + Level 3.4 Throwing
 * Level 7.5 Dodging
 * Level 19.3 Stealth
 * Level 5.5 Evocations


You had 6 spell levels left.
You didn't know any spells.
Your spell library was empty.

Dungeon Overview and Level Annotations

Branches:
Dungeon (1/1)

Altars:
Cheibriados
Dithmenos
Elyvilon
Gozag
Hepliaklqana
Kikubaaqudgha
Makhleb
Nemelex Xobeh
Okawaru
Qazlal
Ru
Sif Muna
Trog
Uskayaw
Vehumet
Wu Jian
Xom
Yredelemnul
Zin
The Shining One
Beogh
Jiyva
Lugonu

Shops:
D (?


Innate Abilities, Weirdness & Mutations

You are very small and have problems with some larger weapons.
You are too small for most types of armour.
You have supernaturally acute eyesight. (SInv)
You cover ground extremely quickly. (Speed+++)


Message History

The burning bush is heavily damaged.
You hit the burning bush but do no damage.
The burning bush is heavily damaged.
You hit the burning bush but do no damage.
The burning bush is moderately damaged.
You hit the burning bush but do no damage.
The burning bush is moderately damaged.
You hit the burning bush.
The burning bush is heavily damaged.
You hit the burning bush.
The burning bush is heavily damaged.
You hit the burning bush.
The burning bush is heavily damaged.
The burning bush throws fire at you. The puff of flame hits you!
* * * LOW HITPOINT WARNING * * *
You hit the burning bush but do no damage.
The burning bush is heavily damaged.
The burning bush throws fire at you. The puff of flame misses you.
You feel better.
You hit the burning bush.
The burning bush is heavily damaged.
The burning bush throws fire at you. The puff of flame hits you.
* * * LOW HITPOINT WARNING * * *
You hit the burning bush but do no damage.
The burning bush is heavily damaged.
You completely miss the burning bush.
The burning bush is heavily damaged.
You hit the burning bush.
The burning bush is heavily damaged.
The burning bush throws fire at you. The puff of flame misses you.
You hit the burning bush.
The burning bush is severely damaged.
The burning bush throws fire at you. The puff of flame hits you!
You die...
Your body crumbles into a pile of gold.

###################
_._.⌠.#..'.))#.$..#
._._..'..#...#.$.P+
_._...#..###'##.@$#
$$
._._..#..##∩∩.'..$#
_._.⌠.#############
####### $ $ $ $


You could see a burning bush.

Vanquished Creatures
  2 wandering mushrooms (D)
  3 scorpions (D)
  3 oklob saplings (D)
  2 spriggans (D)
  A river rat (D)
  A rat (D)
12 creatures vanquished.

Notes
Turn   | Place    | Note
-------+----------+-------------------------------------------
     0 | D        | styxcanada the Spriggan Brigand began the quest for the
                  | Orb.
     0 | D        | Reached XP level 1. HP: 10/10 MP: 2/2
     9 | D        | Reached skill level 7 in Stealth
     9 | D        | Reached XP level 2. HP: 15/15 MP: 3/3
    20 | D        | Noticed an oklob sapling
    23 | D        | Killed an oklob sapling
    24 | D        | Reached skill level 9 in Stealth
    24 | D        | Reached XP level 3. HP: 18/18 MP: 4/4
    75 | D        | Noticed a scorpion
    75 | D        | Found the amulet of invisibility {+Inv}
    77 | D        | Killed a scorpion
    78 | D        | Reached skill level 12 in Stealth
    78 | D        | Reached XP level 4. HP: 23/23 MP: 5/5
   104 | D        | Found an opulent altar of Gozag.
   104 | D        | Found a hazy altar of Hepliaklqana.
   104 | D        | Found a burning altar of Makhleb.
   104 | D        | Found a sparkling altar of Nemelex Xobeh.
   104 | D        | Found a snail-covered altar of Cheibriados.
   104 | D        | Found a sacrificial altar of Ru.
   104 | D        | Found a shimmering blue altar of Sif Muna.
   104 | D        | Found a shimmering altar of Xom.
   104 | D        | Found a basalt altar of Yredelemnul.
   105 | D        | Found a viscous altar of Jiyva.
   105 | D        | Found a bloodstained altar of Trog.
   105 | D        | Found an ornate altar of the Wu Jian Council.
   106 | D        | Found an iron altar of Okawaru.
   106 | D        | Found a shadowy altar of Dithmenos.
   106 | D        | Found a glowing silver altar of Zin.
   107 | D        | Found an ancient bone altar of Kikubaaqudgha.
   107 | D        | Found a hide-covered altar of Uskayaw.
   108 | D        | Found a stormy altar of Qazlal.
   108 | D        | Found a white marble altar of Elyvilon.
   108 | D        | Found a glowing golden altar of the Shining One.
   109 | D        | Became a worshipper of Gozag Ym Sagoz the Greedy
   110 | D        | Found a corrupted altar of Lugonu.
   110 | D        | Found a radiant altar of Vehumet.
   114 | D        | Reached skill level 13 in Stealth
   114 | D        | Reached skill level 1 in Evocations
   114 | D        | Reached XP level 5. HP: 28/28 MP: 3/6
   126 | D        | Reached skill level 5 in Dodging
   126 | D        | Reached skill level 14 in Stealth
   139 | D        | Reached skill level 15 in Stealth
   141 | D        | Reached XP level 6. HP: 32/32 MP: 5/7
   157 | D        | Found Nyneablo's Magic Scroll Shop.
   157 | D        | Found Deurphish's Antique Weapon Emporium.
   164 | D        | Bought a scroll of enchant weapon for 105 gold pieces
   164 | D        | Bought a scroll of identify for 28 gold pieces
   178 | D        | Noticed a burning bush
   178 | D        | Noticed a wandering mushroom
   179 | D        | Noticed a wandering mushroom
   183 | D        | Killed a wandering mushroom
   184 | D        | Reached skill level 17 in Stealth
   184 | D        | Killed a wandering mushroom
   185 | D        | Reached skill level 19 in Stealth
   185 | D        | Reached skill level 5 in Evocations
   185 | D        | Reached XP level 7. HP: 27/38 MP: 5/8
   329 | D        | Killed from afar by a burning bush

Illustrated notes

Levels and vault maps discovered:
D:        dungeon_sprint_fedhas [sprint_temple]

Skill      XL: |  1  2  3  4  5  6 |
---------------+-------------------+-----
Dodging        | 2 3 4 5 7 |  7.5
Stealth        | 7 9 12 13 15 19 | 19.3
Fighting       | 2 3 4 |  4.7
Short Blades   | 3 4 |  4.3
Evocations     | 1 3 5 |  5.5
Throwing       | 3 |  3.4

Action                   |  1- 3 |  4- 6 |  7- 9 || total
-------------------------+-------+-------+-------++-------
Melee: Dagger            |     5 |     8 |    42 ||    55
 Abil: Evoke Invisibilit |       |     2 |     1 ||     3
  Use: Potion            |     1 |       |     3 ||     4
       Scroll            |       |     2 |       ||     2
 Stab: Sleeping          |     2 |     6 |     1 ||     9
       Invisible         |       |     1 |       ||     1
Dodge: Dodged            |     3 |       |     6 ||     9
